[Event "13th All African Mixed Team Rapid-ch 202"]
[Site "Accra"]
[Date "2024.03.09"]
[Round "5.7"]
[White "Mhango, Banele"]
[Black "Zhemba, Jemusse"]
[Result "1-0"]
[ECO "C11"]
[WhiteElo "2193"]
[BlackElo "2226"]
[Annotator "TA"]
[PlyCount "125"]
[EventDate "2024.03.07"]
[EventType "rapid"]
[EventCountry "GHA"]
[SourceTitle "playchess.com"]
[Source "ChessBase"]
[SourceQuality "1"]
[TimeControl "900+10"]

1. d4 Nf6 2. Nc3 e6 3. e4 d5 4. e5 Nfd7 5. f4 c5 6. Nf3 a6 7. Be3 Nc6 8. Qd2 b5 9. dxc5 Bxc5 10. Bxc5 Nxc5 11. Nd4 Nxd4 {[%emt 0:00:44] C11: Französische Verteidigung.} 12. Qxd4 Qe7 13. Bd3 b4 14. Ne2 Bd7 15. O-O Rc8 $146 ({Predecessor:} 15... Nxd3 16. cxd3 Bb5 17. Rfc1 O-O 18. Rc2 Rfc8 19. Rac1 Qd7 20. Rc5 Rxc5 21. Qxc5 Bxd3 {1-0 Setkauskas,V (2236)-Zitinskas,L (1820) LTU-ch U18 Siauliai 2011 (1)}) 16. Qe3 f5 17. exf6 Qxf6 18. Nd4 O-O 19. a3 Rb8 20. b3 (20. Be2 $14) 20... Rfc8 21. Rfd1 Rf8 22. g3 Rfe8 (22... Nxd3 $14 23. Rxd3 bxa3) 23. Nf3 (23. axb4 $16 Rxb4 24. Bf1 (24. Bxa6 e5 $14)) 23... Nxd3 $14 24. Qxd3 Bb5 25. Qd2 bxa3 26. Rxa3 Qb2 27. Raa1 Rbc8 28. Rdc1 (28. Nd4 $16) 28... Qc3 $11 29. Qxc3 Rxc3 30. Nd4 e5 31. fxe5 Rxe5 32. Re1 Re4 (32... Rg5 $14) 33. Rad1 (33. Rxe4 $1 $16 dxe4 34. Kf2) 33... h6 (33... Bd3 $11) 34. Kf2 $1 $14 Be8 35. Rxe4 $1 dxe4 36. Re1 Bg6 37. Re3 Rc5 38. c4 Rh5 39. h4 Ra5 40. Re2 Ra1 41. Ke3 Rd1 (41... a5 $14) 42. Rd2 $16 Re1+ 43. Re2 (43. Kf2 $16 Rh1 44. Ke3) 43... Rd1 $11 44. Rd2 Rg1 (44... Re1+ $1 $11 {bleibt in der Remisbreite.} 45. Kf4 Rf1+ (45... e3 46. Ra2 $16) 46. Ke5 (46. Ke3 Rg1 $16) 46... Re1) 45. Kf2 Rc1 (45... e3+ $14 46. Kxe3 (46. Kxg1 $2 {ist das falsche Schlagen.} exd2 47. Kf2 d1=Q $19) 46... Rxg3+ 47. Kf4 Rd3 48. Rxd3 Bxd3) 46. Ra2 $16 Rd1 (46... Rc3 $16 {kämpft weiter.}) 47. Rxa6 $18 Kh7 48. Rd6 ({Besser ist} 48. Nc6 $18) 48... Rd2+ $14 49. Ke1 e3 50. g4 h5 $1 51. g5 Rh2 $2 {[%emt 0:01:13][%mdl 8192] [#]} (51... Be4 $1 $11 {und Schwarz ist OK.}) 52. Nf3 $1 $18 Rf2 53. Ne5 Bc2 54. g6+ Kg8 55. Rd8+ Rf8 56. Rxf8+ Kxf8 {[%emt 0:00:00] [#]} 57. b4 $1 Ke7 58. Ke2 Ke6 59. Nd3 Kf5 60. Kxe3 Kxg6 61. Nf4+ (61. b5 $142 Kh7 62. b6 g5 63. hxg5 (63. b7 Bd1 64. hxg5 Kg7 65. b8=Q Bc2 66. Ne5 Bg6 67. Qd6 Bf5 68. Qf6+ Kg8 69. Qxf5 Kh8 70. Qf8+ Kh7 71. g6#) 63... h4 64. b7 Bxd3 65. Kxd3 (65. b8=B Bxc4 66. g6+ Kxg6 $11) 65... Kg6 66. b8=Q (66. b8=B Kxg5 67. c5 Kf5 68. c6 Ke6 69. Bh2 Ke7 70. c7 Kd7)) 61... Kh6 62. b5 Ba4 63. Ne6 (63. b6 $142 Bc6 64. Ne6) 1-0

[Event "13th All African Mixed Team Rapid-ch 202"]
[Site "Accra"]
[Date "2024.03.09"]
[Round "5.8"]
[White "Shaba, Linda Dalitso"]
[Black "February, Jesse Nikki"]
[Result "0-1"]
[ECO "A44"]
[WhiteElo "1836"]
[BlackElo "1920"]
[Annotator "NA RC"]
[PlyCount "82"]
[EventDate "2024.03.07"]
[EventType "rapid"]
[EventCountry "GHA"]
[SourceTitle "playchess.com"]
[Source "ChessBase"]
[SourceQuality "1"]
[TimeControl "900+10"]

1. d4 c5 2. d5 e5 3. e4 d6 4. Nf3 Bg4 5. Be2 Be7 6. O-O Bxf3 7. Bxf3 Bg5 8. c4 Bxc1 9. Qxc1 Nd7 10. Nc3 a6 11. Bg4 Ngf6 12. Bxd7+ Qxd7 13. Qg5 O-O 14. f4 h6 15. Qh4 exf4 16. Qxf4 Rae8 17. Rae1 Re5 18. Rf3 Rfe8 19. Rfe3 b5 20. b3 b4 21. Nd1 Qe7 22. Nf2 Nh5 23. Qf3 f5 24. R3e2 Nf6 25. Kf1 Nxe4 26. Nxe4 fxe4 27. Qe3 g5 28. Rf2 Rf8 29. Ree2 Ref5 30. Rxf5 Rxf5+ 31. Kg1 Re5 32. Qh3 Kg7 33. Qc8 e3 34. Qxa6 Rf5 35. Qc8 Qf7 36. h3 Rf1+ 37. Kh2 Qf4+ 38. g3 Rf2+ 39. Rxf2 Qxf2+ 40. Kh1 e2 41. Qd7+ Qf7 0-1

[Event "13th All African Mixed Team Rapid-ch 202"]
[Site "Accra"]
[Date "2024.03.09"]
[Round "5.9"]
[White "Wanyama, Harold"]
[Black "Rongwane, Gomolemo"]
[Result "0-1"]
[ECO "E00"]
[WhiteElo "2226"]
[BlackElo "2021"]
[Annotator "TA"]
[PlyCount "174"]
[EventDate "2024.03.07"]
[EventType "rapid"]
[EventCountry "GHA"]
[SourceTitle "playchess.com"]
[Source "ChessBase"]
[SourceQuality "1"]
[TimeControl "900+10"]

1. d4 Nf6 2. c4 e6 3. g3 d5 4. Bg2 Bb4+ 5. Nd2 O-O 6. Qc2 Nc6 (6... c5 $11) 7. Ngf3 $14 a5 8. O-O Be7 {[%emt 0:00:54] White is slightly better.} 9. a3 a4 10. Rd1 Bd7 11. e4 Na5 12. Ne5 Be8 13. f4 (13. cxd5 $11 exd5 14. Rb1) 13... dxe4 ({Black should try} 13... dxc4 $17 14. Ndxc4 Nb3) 14. Nxe4 $15 Nb3 15. Rb1 c5 16. dxc5 Qc7 17. Be3 $36 {[%emt 0:00:17][%mdl 2048] White has the initiative.} Nxc5 18. Nxc5 Bxc5 19. Bxc5 Qxc5+ 20. Qf2 Qc7 21. Qd4 Bc6 $1 22. Nxc6 (22. Qd6 {with more complications.} Qb6+ 23. c5 Qb3 24. Bxc6 bxc6 25. Qd4) 22... bxc6 23. h3 h5 24. Bf3 {[%emt 0:01:09] [#]} (24. Qe5 $11 Qb6+ 25. c5) 24... h4 25. g4 Rad8 26. Qe3 Rb8 27. Qe5 (27. Rd3 $11 {remains equal.}) 27... Qa7+ $1 $17 28. Kg2 {[%emt 0:00:00][%cal Od1d6] [#]} Rb3 $1 29. Qd4 (29. Rd2 $17) 29... c5 $19 30. Qd6 {[%emt 0:00:00] [#]} (30. Qe5 $17) 30... Rxf3 $1 31. Kxf3 Qb7+ 32. Ke2 $2 (32. Ke3 Qg2 33. Re1 Qxh3+ 34. Kd2) 32... Qg2+ 33. Kd3 Ne4 {[%emt 0:00:08] ( -> ...Qf3+)} 34. Qe5 Nf2+ (34... Qxh3+ 35. Kxe4 Qxg4 36. Rd2 $11 (36. Qxc5 Qe2+ 37. Qe3 f5+ 38. Kd4 Rd8+ 39. Kc5 Qxe3+ 40. Kc6 Rc8+ 41. Kb7 Qc5)) (34... Rd8+ $142 35. Qd5 Rxd5+ (35... exd5 36. Ke3 d4+ 37. Kd3 Qf3+ 38. Kc2 Qe2+ 39. Kc1 Qxc4#) 36. cxd5 Qf3+ (36... exd5 37. Ra1 Qxb2 38. Rac1 c4+ 39. Rxc4 Nf2+ 40. Ke3 Nxd1+ 41. Kd3 Qb3+ 42. Kd2 dxc4 43. f5 Qd3+ 44. Kc1 c3 45. f6 Qd2+ 46. Kb1 Qb2#) 37. Kc2 Qe2+ 38. Kc1 Qc4#) 35. Kc3 Qxh3+ 36. Kd2 Nxg4 (36... Rd8+ $142 37. Ke2 Nxd1 38. Rxd1 Qg2+ (38... Qxg4+ 39. Kf2 Rxd1 40. Qc3 h3 41. Ke3 h2 42. Qe5 Qg3+ 43. Ke2 Qe1+ 44. Kf3 h1=Q+ 45. Kg4 Qeh4#) 39. Ke3 Rxd1 40. Qb8+ Kh7 41. Qg8+ Kxg8 42. b4 Re1+ (42... Qxg4 43. bxc5 Qg3+ 44. Ke2 Qd3+ 45. Kf2 Rd2+ 46. Kg1 Qb1#) 43. Kd3 Qe2+ 44. Kc3 Rc1#) 37. Qe2 Qg3 38. Rf1 Rd8+ 39. Kc1 Rd4 $2 {[%emt 0:00:10] White is weak on the dark squares} (39... Ne3 40. Re1 Nf5) 40. b3 $2 (40. Rf3 $19 Qg1+ 41. Kc2 Rxc4+ 42. Qxc4 Qg2+ 43. Kc3 Qxf3+ 44. Qd3) 40... axb3 $2 (40... Qc3+ 41. Qc2 Qe3+ (41... Qxc2+ $2 42. Kxc2 Ne3+ 43. Kc3 $19) 42. Kb2 Rd2 (42... Rxf4 $2 43. Rxf4 Qxf4 44. bxa4 $19) 43. Rbc1 Qxb3+ (43... Rxc2+ $2 44. Kxc2 Qxb3+ 45. Kd2 $19) (43... axb3 $2 44. Qxd2 Qxd2+ 45. Kxb3 $19) 44. Ka1 Rxc2 45. Rxc2 Qxc2 46. Rb1 Nf2 (46... Qxc4 47. f5 h3 48. fxe6 Qxe6 49. Rb8+ Kh7 50. Rb5 Qf6+ 51. Ka2 h2 52. Rb1 Qf3 53. Rc1 Qb3+ 54. Ka1 Ne3 55. Rxc5 h1=Q+ 56. Rc1 Qxc1#) (46... Qc3+ 47. Ka2 h3 48. Rb8+ Kh7 49. Rb2 h2 50. Rxh2+ Nxh2 51. Kb1 Nf3 52. Ka2 Qb3+ 53. Ka1 Nd2 54. f5 Qxa3#) 47. f5 Ne4 (47... Qxc4 48. fxe6 fxe6 49. Rb8+ Kh7 50. Rd8 h3 51. Rb8 h2 52. Rb1 Nd3 53. Rb8 Qc3+ 54. Ka2 Qc2+ 55. Ka1 h1=Q+ 56. Rb1 Qhxb1#) (47... Qc3+ 48. Ka2 Qd4 49. fxe6 fxe6 50. Rg1 h3 51. Rb1 h2 52. Rb8+ Kh7 53. Rb7 Nd1 54. Rb8 Nc3+ 55. Ka1 h1=Q+ 56. Kb2 Qd2#) 48. fxe6 Nc3 (48... Qc3+ 49. Ka2 Qd2+ 50. Ka1 Nc3 51. exf7+ Kh7 52. f8=N+ Kg8 53. Rb2 Qe1+ 54. Rb1 Qxb1#) 49. exf7+ Kh7 (49... Kxf7 50. Rf1+ Kg6 51. Rf6+ Kg5 52. Rg6+ Qxg6 53. Kb2 Qd3 54. Kc1 Qd1+ 55. Kb2 Qd2+ 56. Ka1 Qc1#) 50. f8=N+ Kg8 51. Rb2 Qd1+ 52. Rb1 Qxb1#) 41. Kb2 $2 (41. Rf3 $17 Rxc4+ (41... Qg1+ 42. Kb2 $11) 42. Qxc4 Qxf3 43. Rxb3) 41... Nf6 (41... Rxf4 42. Rxf4 Qxf4 43. Rf1 $19) (41... Ne3 $19 42. Rf3 Nxc4+ 43. Ka1 Qg4 44. Rbxb3 g6 (44... Rxf4 $2 45. Qd3 $19) 45. Rb8+ Kg7) 42. Rbd1 $17 h3 $2 (42... Rxf4 43. Rxf4 Qxf4 44. a4 $15) ({Black should play} 42... Nd7 $17 {Threatens to win with ...e5.} 43. Rxd4 cxd4) 43. Rxd4 $11 cxd4 {[%emt 0:00:01][%mdl 4096] Endgame. KQR-KQN} 44. Qf3 Qh4 {[%emt 0:00:30] ...h2 would now be deadly.} 45. a4 Ng4 46. a5 $2 (46. Kxb3 $11 h2 47. a5) 46... Ne3 $19 47. Rc1 {[%emt 0:00:02][%cal Oa5a6] [#] And now a6! would win.} Qd8 $2 (47... h2 $1 $19 48. Kxb3 Qd8) 48. a6 $11 {[%emt 0:00:23][%cal Oa6a7] aiming for a7!} Qa5 $1 49. Qa8+ Kh7 50. Qe4+ $2 (50. Kxb3 $11 Qb6+ 51. Ka2) 50... f5 51. Qxd4 Nc2 $2 (51... Qa2+ 52. Kc3 b2 53. Qxe3 Qa3+ (53... b1=B $2 54. Qxh3+ Kg8 55. Qe3 $18) (53... bxc1=Q+ $2 54. Qxc1 Qxa6 55. Qh1 $19) 54. Kc2 Qxe3 55. Kxb2 h2 (55... Qxf4 $2 56. Rd1 $19) 56. Rh1 Qf2+ (56... Qxf4 57. Rd1 Qxc4 58. a7 Qe2+ 59. Kc1 Qa2 60. Re1 Qxa7 61. Rd1 Qa1+ 62. Kd2) 57. Kb1 Qxf4 (57... Qg1+ 58. Rxg1 hxg1=Q+ 59. Kc2 Qh2+ 60. Kd3 Qxf4 61. c5 Qe4+ 62. Kd2 Qd4+ 63. Ke2 Qc4+ 64. Ke3 f4+ 65. Kd2 Qxc5 66. Kd3 f3 67. a7 Qxa7 68. Kd2 f2 69. Ke2 Qd4 70. Kf1 Qf4 71. Kg2 f1=Q#) 58. Rd1 Qxc4 59. a7 Qe4+ (59... Qb3+ 60. Kc1 Qe3+ 61. Kc2 Qxa7 62. Rf1 Qg1 63. Rxg1 hxg1=Q 64. Kd3 f4 65. Kc4 f3 66. Kb5 f2 67. Kc6 f1=Q 68. Kd6 Qb6+ 69. Kd7 Qf7+ 70. Kc8 Qe8#) 60. Kb2 h1=Q (60... h1=N $2 61. Ra1 $19) 61. Rxh1+ Qxh1 62. Kc3 Qa1+ 63. Kd3 Qxa7 64. Kc4 Qb6 65. Kc3 f4 66. Kc4 f3 67. Kd3 f2 68. Ke2 Qd4 69. Kf1 Qf4 70. Kg2 f1=Q#) 52. Qd2 $2 Qa3+ 53. Kc3 Qxa6 $2 (53... b2+ {mates} 54. Kxc2 bxc1=Q+ (54... bxc1=B 55. Qxc1 Qxc1+ 56. Kxc1 h2 57. c5 h1=Q+ 58. Kb2 Qc6 59. Kc3 Qxa6 60. Kb4 g5 61. fxg5 f4 62. g6+ Kxg6 63. c6 Qxc6 64. Ka3 f3 65. Kb3 f2 66. Ka3 f1=Q 67. Kb4 Qcb5+ 68. Kc3 Qfd3#) 55. Qxc1 Qxc1+ (55... Qxa6 $2 56. Qf1 $19) 56. Kxc1 h2 57. Kd2 h1=Q (57... h1=R $2 58. Kd3 $19) 58. c5 Qa1 (58... Qd5+ 59. Ke2 Qxc5 60. Kd3 g5 61. fxg5 Kg6 62. Kd2 f4 63. Kd3 f3 64. a7 Qxa7 65. Kc4 f2 66. Kb5 f1=Q+ 67. Kb4 Qc1 68. Kb5 Qcc5#) 59. Kd3 Qxa6+ 60. Kc3 Qa4 61. c6 Qxf4 (61... Qxc6+ 62. Kd3 Kg6 63. Kd4 Kh5 64. Kd3 Kg4 65. Ke3 Kg3 66. Kd4 Kf2 67. Kd3 Ke1 68. Kd4 Ke2 69. Ke5 Qd5#) 62. Kd3 g5 63. Kc2 g4 64. Kd1 g3 65. c7 g2 (65... Qxc7 66. Kd2 g2 67. Ke3 g1=Q+ 68. Kf3 Qcg3+ 69. Ke2 Q3e3#) 66. c8=Q g1=Q+ (66... g1=B $2 67. Qd7+ Kh6 68. Qxe6+ Kh5 69. Qf7+ Kh4 70. Kc2 $19) 67. Kc2 Qgc1+ 68. Kb3 Qb1+ 69. Kc3 Qfb4#) 54. Kxb3 $16 Qb6+ $2 (54... Nd4+ $16 {is tougher.} 55. Qxd4 h2) 55. Kxc2 $18 Qc6 {[%emt 0:00:06] Prevents Rh1.} 56. Qe2 Kg8 57. Rb1 h2 58. Rb8+ (58. Qxh2 Qxc4+ 59. Kb2 Qb5+ 60. Kc1 Qf1+ 61. Kb2 Qb5+ 62. Ka1 Qa4+ 63. Kb2 Qb5+ $11) 58... Kf7 59. Qh5+ (59. Qxh2 Qxc4+ 60. Kb1 Qe4+ 61. Qc2 Qxf4 62. Rb7+ Kg8 63. Qc8+ Kh7 64. Qxe6 Qf3 $18) 59... Ke7 60. Qh4+ Kf7 61. Qh5+ Ke7 {[%emt 0:00:01] Chess con chili.} 62. Qxh2 {[%emt 0:00:38] Qh4+ would kill now.} Qxc4+ 63. Kb1 Qf1+ 64. Kb2 Qf3 65. Qh4+ Kf7 66. Rb4 $2 (66. Qe1 $18 Qxf4 67. Rb7+ Kg6 68. Qxe6+ Kh7 69. Qe1) 66... Qe2+ $11 67. Ka3 Qa6+ 68. Kb2 {[%emt 0:00:16] White wants to mate with Qh5+.} Qe2+ 69. Kc3 Qe3+ 70. Kc4 {[%emt 0:00:02] White threatens Qh5+ and mate.} Qe2+ $2 (70... Qe4+ $1 $11 71. Kc5 Qd5+ 72. Kb6 Qd6+ 73. Ka5 Qc5+ 74. Rb5 Qa7+ 75. Kb4 Qd4+ 76. Ka3 (76. Kb3 Qd3+ 77. Kb4 Qd4+ 78. Ka3 Qd3+ 79. Rb3 Qd6+ 80. Ka4 Qa6+ 81. Kb4 Qb6+ 82. Kc4 Qc6+ 83. Kd3 Qf3+ 84. Kc4 Qc6+ 85. Kd3 Qf3+ 86. Kc2 Qg2+ 87. Kc3 Qf3+ 88. Kb4 Qb7+ 89. Ka3 Qa6+ 90. Kb4 Qb7+ 91. Ka3 Qa6+ 92. Kb2 Qe2+ 93. Ka3 Qa6+ $11) 76... Qc3+ 77. Ka4 Qd4+ 78. Rb4 Qd7+ 79. Rb5 Qd4+ 80. Rb4 Qd7+ 81. Ka5 Qa7+ 82. Kb5 Qb7+ 83. Kc4 Qe4+ 84. Kc3 Qe3+ 85. Kc4 Qe4+) 71. Kc5 $18 {[%emt 0:00:02] Rb7+ is the strong threat.} Qe3+ 72. Rd4 $2 ({Better is} 72. Kb5 $18) 72... Qc3+ $11 73. Rc4 Qa5+ 74. Kd6 $2 (74. Kd4 $11 Qd2+ 75. Kc5 Qa5+ 76. Kd4 (76. Kc6 Qd5+ 77. Kb6 Qxc4 $11) 76... Qd2+ 77. Kc5 Qa5+) 74... Qd5+ $19 75. Kc7 Qxc4+ {[%emt 0:00:01] KQ-KQ} 76. Kd7 Qd4+ 77. Kc7 Qf6 78. Qh5+ g6 79. Qh7+ Qg7 80. Qh4 Ke8+ 81. Kb8 Qb2+ 82. Kc8 (82. Kc7 $142 Qg7+ 83. Kb6) 82... Qc3+ 83. Kb8 Qb4+ 84. Kc8 Qc5+ 85. Kb8 Qb5+ (85... Qd6+ $142 86. Kb7 Qe7+ 87. Qxe7+ Kxe7 88. Kc6 e5 89. Kd5 exf4 90. Kd4 g5 91. Kd3 f3 92. Ke3 g4 93. Kf2 f4 94. Kf1 g3 95. Ke1 Ke6 96. Kf1 Kf5 97. Ke1 Ke4 98. Kf1 Kd4 (98... f2 {gets mated.} 99. Kg2 Kd3 100. Kf1 Ke3 101. Kg2 f3+ 102. Kxg3 f1=Q 103. Kg4 Qb5 104. Kg3 Qg5+ 105. Kh3 Kf2 106. Kh2 Qh6#) 99. Ke1 Kc3 (99... f2+ 100. Ke2 Ke4 101. Kf1 Ke3 102. Kg2 f3+ 103. Kxg3 f1=Q 104. Kg4 Qb5 105. Kg3 Qg5+ 106. Kh3 Kf2 107. Kh2 Qh6#) 100. Kf1 Kd2 101. Kg1 Ke1 102. Kh1 f2 103. Kg2 f1=Q#) 86. Kc8 Qd7+ 87. Kb8 Qd8+ {[%emt 0:00:01] A wild game.   Weighted Error Value: White=0.97/Black=0.97.  Loses game:     	White=5     	Black=1      Missed win:     	White=1     	Black=1      Mistake:       	White=5     	Black=3      Inaccurate:     	White=3     	Black=5      OK:         	White=12    	Black=7      Best:        	White=9     	Black=15     Strong:       	---       	Black=4      Brilliant:      	---       	Black=1} 0-1

[Event "13th All African Mixed Team Rapid-ch 202"]
[Site "Accra"]
[Date "2024.03.09"]
[Round "5.10"]
[White "Banda Natalie Katlo"]
[Black "Nakabo, Peninah"]
[Result "1-0"]
[ECO "D02"]
[WhiteElo "1772"]
[BlackElo "1836"]
[Annotator "NA RC"]
[PlyCount "109"]
[EventDate "2024.03.07"]
[EventType "rapid"]
[EventCountry "GHA"]
[SourceTitle "playchess.com"]
[Source "ChessBase"]
[SourceQuality "1"]
[TimeControl "900+10"]

1. d4 d5 2. Nf3 e6 3. e3 Nf6 4. Nbd2 Be7 5. c3 O-O 6. Bd3 b6 7. O-O c5 8. e4 dxe4 9. Nxe4 Bb7 10. Nxf6+ Bxf6 11. dxc5 bxc5 12. Be2 Qb6 13. Qb3 Rd8 14. Bf4 Nd7 15. Rfd1 Rac8 16. Rd2 e5 17. Be3 e4 18. Ne1 Ne5 19. Rad1 Rxd2 20. Rxd2 Rd8 21. Rxd8+ Bxd8 22. Bxc5 Qxb3 23. axb3 a6 24. Bd6 Nc6 25. Nc2 Bb6 26. Nb4 Nxb4 27. Bxb4 g6 28. Kf1 Kg7 29. c4 g5 30. Bc3+ Kg6 31. b4 f5 32. c5 Bc7 33. b5 axb5 34. Bxb5 Bd5 35. Be8+ Bf7 36. Bd7 h5 37. b4 Bc4+ 38. Ke1 Bxh2 39. b5 h4 40. b6 g4 41. b7 Ba6 42. Be8+ Kh7 43. Bd7 Kg6 44. Be8+ Kg5 45. Bd2+ Kf6 46. Bc3+ Ke6 47. c6 h3 48. g3 Bxg3 49. fxg3 h2 50. b8=Q h1=Q+ 51. Kd2 Qg2+ 52. Kc1 Qf1+ 53. Kb2 Qe2+ 54. Ka3 Qd3 55. Qe5# 1-0

[Event "13th All African Mixed Team Rapid-ch 202"]
[Site "Accra"]
[Date "2024.03.09"]
[Round "5.11"]
[White "Paiva, Donaldo"]
[Black "Oluka Robert Mcligeyo"]
[Result "1-0"]
[ECO "E01"]
[WhiteElo "2172"]
[BlackElo "2041"]
[Annotator "RC"]
[PlyCount "79"]
[EventDate "2024.03.07"]
[EventType "rapid"]
[EventCountry "GHA"]
[SourceTitle "playchess.com"]
[Source "ChessBase"]
[SourceQuality "1"]
[TimeControl "900+10"]

1. d4 Nf6 2. c4 e6 3. Nf3 d5 4. Nc3 c6 5. g3 Nbd7 6. Bg2 Bd6 7. O-O O-O 8. Nd2 dxc4 9. Nxc4 Bc7 10. Qc2 e5 11. Rd1 Qe7 12. b3 exd4 13. Ba3 c5 14. Rxd4 Ne5 15. Rad1 Nc6 16. Bxc6 bxc6 17. Na4 Bb6 18. Ne3 Re8 19. Bxc5 Qb7 20. Nc4 Bc7 21. Bd6 Bg4 22. f3 Bh5 23. Nc5 Qc8 24. g4 Bg6 25. e4 h5 26. h3 Nd5 27. Qd2 Nb6 28. Ne3 Bxd6 29. Rxd6 Qc7 30. Qh2 hxg4 31. hxg4 Nc8 32. R6d3 Qb6 33. Nd7 Qa5 34. Nc4 Qg5 35. Nde5 Nb6 36. f4 Qe7 37. Rh3 Qc5+ 38. Kf1 Kf8 39. Rh8+ Ke7 40. Qh4+ 1-0

[Event "13th All African Mixed Team Rapid-ch 202"]
[Site "Accra"]
[Date "2024.03.09"]
[Round "5.12"]
[White "Mongeli, Sasha"]
[Black "Vilhete, Vania Fausto Da T."]
[Result "1/2-1/2"]
[ECO "D02"]
[WhiteElo "1858"]
[BlackElo "1829"]
[Annotator "NA RC"]
[PlyCount "111"]
[EventDate "2024.03.07"]
[EventType "rapid"]
[EventCountry "GHA"]
[SourceTitle "playchess.com"]
[Source "ChessBase"]
[SourceQuality "1"]
[TimeControl "900+10"]

1. d4 d5 2. Nf3 e6 3. Bf4 c5 4. Nbd2 Nf6 5. e3 Be7 6. c3 O-O 7. Ne5 Nc6 8. Be2 Bd7 9. O-O Rc8 10. h3 Qb6 11. dxc5 Bxc5 12. Nxc6 Bxc6 13. Nb3 Be7 14. Qd4 Qxd4 15. cxd4 Ba4 16. Rfc1 Bxb3 17. axb3 a6 18. Bc7 Ne4 19. Rc2 Nd2 20. Rxd2 Rxc7 21. Bd3 Rfc8 22. Kf1 Bb4 23. Rdd1 a5 24. Ke2 g6 25. Rdb1 Kg7 26. Kd1 f6 27. Rc1 e5 28. dxe5 fxe5 29. f3 Kf6 30. Rxc7 Rxc7 31. Rc1 Rxc1+ 32. Kxc1 d4 33. exd4 exd4 34. Be4 b6 35. Kc2 h6 36. Kd3 Bc5 37. f4 Bd6 38. Kxd4 Bxf4 39. Kd5 Be3 40. Kc6 g5 41. Kb5 h5 42. Bf3 h4 43. b4 axb4 44. Kxb4 Bc5+ 45. Kc4 Kf5 46. b4 Be3 47. Kd5 Bd2 48. b5 Be3 49. Kd6 Kf4 50. Ke6 Bc5 51. Kf6 Bf2 52. Kg6 Bc5 53. Bc6 Bf2 54. Bf3 Bc5 55. Bc6 Bf2 56. Bf3 1/2-1/2

[Event "13th All African Mixed Team Rapid-ch 202"]
[Site "Accra"]
[Date "2024.03.09"]
[Round "5.13"]
[White "Pereira, Sergio Murilo de Ara"]
[Black "Cogan, Nicolas"]
[Result "0-1"]
[ECO "B04"]
[WhiteElo "2115"]
[BlackElo "2070"]
[Annotator "RC"]
[PlyCount "60"]
[EventDate "2024.03.07"]
[EventType "rapid"]
[EventCountry "GHA"]
[SourceTitle "playchess.com"]
[Source "ChessBase"]
[SourceQuality "1"]
[TimeControl "900+10"]

1. e4 Nf6 2. e5 Nd5 3. c4 Nb6 4. Nc3 d6 5. Nf3 g6 6. exd6 cxd6 7. d4 Bg7 8. Be3 O-O 9. Qb3 a5 10. c5 N6d7 11. cxd6 exd6 12. Bc4 Nb6 13. Bg5 Qc7 14. Be2 a4 15. Qd1 Bd7 16. Rc1 Nc4 17. b3 Nb2 18. Qd2 a3 19. O-O Qa5 20. Be7 Re8 21. Bxd6 Nc6 22. Rfe1 Bg4 23. Nb5 Qxd2 24. Nxd2 Rxe2 25. Rxe2 Bxe2 26. Bxa3 Bxb5 27. Bxb2 Rxa2 28. Bc3 Bxd4 29. Bxd4 Nxd4 30. Rd1 Be2 0-1

[Event "13th All African Mixed Team Rapid-ch 202"]
[Site "Accra"]
[Date "2024.03.09"]
[Round "5.15"]
[White "Frempong-Smart Daniel"]
[Black "Fomevor, Cephas Clinton"]
[Result "1/2-1/2"]
[ECO "D12"]
[WhiteElo "1877"]
[BlackElo "1887"]
[Annotator "NA RC"]
[PlyCount "85"]
[EventDate "2024.03.07"]
[EventType "rapid"]
[EventCountry "GHA"]
[SourceTitle "playchess.com"]
[Source "ChessBase"]
[SourceQuality "1"]
[TimeControl "900+10"]

1. Nf3 d5 2. b3 Nf6 3. Bb2 Bf5 4. e3 e6 5. c4 c6 6. Be2 Be7 7. O-O h6 8. d4 O-O 9. Nc3 Nbd7 10. Re1 Qa5 11. a3 Qc7 12. Bd3 Bxd3 13. Qxd3 Rac8 14. e4 dxe4 15. Nxe4 Nxe4 16. Qxe4 Bf6 17. Qe2 Rfd8 18. Rad1 Nf8 19. b4 Ng6 20. g3 Ne7 21. Kg2 Nf5 22. Qe4 Nd6 23. Qe2 Nf5 24. Qe4 Nd6 25. Qd3 Ne8 26. Re2 Rd7 27. Red2 Rcd8 28. Qe3 Nd6 29. Qe2 Nf5 30. Ne5 Bxe5 31. dxe5 a6 32. c5 Rd5 33. Rxd5 Rxd5 34. Rxd5 exd5 35. e6 fxe6 36. Qxe6+ Qf7 37. Qxf7+ Kxf7 38. Kf3 g6 39. Kf4 Ke6 40. h4 Ne7 41. Bd4 Nf5 42. Bb2 Ne7 43. Bc1 1/2-1/2

[Event "13th All African Mixed Team Rapid-ch 202"]
[Site "Accra"]
[Date "2024.03.09"]
[Round "5.16"]
[White "Gertrude Banini"]
[Black "Benson, Maud"]
[Result "1/2-1/2"]
[ECO "D30"]
[WhiteElo "1681"]
[BlackElo "1664"]
[Annotator "NA RC"]
[PlyCount "140"]
[EventDate "2024.03.07"]
[EventType "rapid"]
[EventCountry "GHA"]
[SourceTitle "playchess.com"]
[Source "ChessBase"]
[SourceQuality "1"]
[TimeControl "900+10"]

1. d4 d5 2. c4 e6 3. cxd5 exd5 4. Nf3 Nf6 5. Bg5 g6 6. Nc3 c6 7. e3 Bg7 8. Bd3 O-O 9. O-O Re8 10. a3 Nbd7 11. b4 a6 12. Na4 h6 13. Bh4 g5 14. Bg3 Ne4 15. Bxe4 dxe4 16. Nd2 Nf6 17. Qc2 Bf5 18. Nc5 b6 19. Na4 Rc8 20. Rfc1 Nd5 21. Nc3 Qe7 22. Qb3 Nxc3 23. Rxc3 c5 24. Rac1 cxd4 25. Rxc8 Rxc8 26. Rxc8+ Bxc8 27. exd4 Bxd4 28. Qc4 Qd8 29. Nxe4 Bg7 30. h3 a5 31. bxa5 bxa5 32. Bc7 Qd1+ 33. Kh2 Be6 34. Qc5 Qa4 35. f3 Bf8 36. Nf6+ Kg7 37. Qe5 Qf4+ 38. Qxf4 gxf4 39. Nh5+ Kg6 40. Nxf4+ Kf6 41. Nxe6 Kxe6 42. Bxa5 Bxa3 43. Bc3 h5 44. Kg3 Kf5 45. Kh4 Kg6 46. g4 Be7+ 47. Kg3 Bd6+ 48. f4 hxg4 49. hxg4 f6 50. Kf3 Bc7 51. Ke4 Bb8 52. Bd2 Bc7 53. Bc3 Bb8 54. Bd2 Kf7 55. Kf5 Bc7 56. Bc3 Bd8 57. Bb4 Bc7 58. Bc5 Ba5 59. Bd4 Bd8 60. Bc5 Ba5 61. Bd6 Bd8 62. Bc5 Ba5 63. Bd6 Bd8 64. Bb8 Bb6 65. Bd6 Bd8 66. Bc5 Ba5 67. g5 fxg5 68. fxg5 Bc3 69. Bd6 Kg8 70. Kg6 Bd2 1/2-1/2

[Event "13th All African Mixed Team Rapid-ch 202"]
[Site "Accra"]
[Date "2024.03.09"]
[Round "5.17"]
[White "Pedro Manuel Envo Engonga Avom"]
[Black "Akpa Prince"]
[Result "0-1"]
[ECO "B34"]
[WhiteElo "1702"]
[BlackElo "1845"]
[Annotator "NA RC"]
[PlyCount "61"]
[EventDate "2024.03.07"]
[EventType "rapid"]
[EventCountry "GHA"]
[SourceTitle "playchess.com"]
[Source "ChessBase"]
[SourceQuality "1"]
[TimeControl "900+10"]

1. e4 c5 2. Nf3 Nc6 3. d4 cxd4 4. Nxd4 g6 5. Nc3 Bg7 6. Be3 Nf6 7. f3 O-O 8. Qd2 d5 9. O-O-O dxe4 10. h4 exf3 11. gxf3 e5 12. Nb3 Qxd2+ 13. Rxd2 Bf5 14. a3 Rfd8 15. h5 Rxd2 16. Bxd2 Nxh5 17. Bc4 Rc8 18. Nd5 Nf6 19. Ne3 Nd4 20. Nxd4 exd4 21. Nxf5 Rxc4 22. b3 Rc5 23. Nxd4 Nd5 24. Ne2 h5 25. Ng3 Bc3 26. Bh6 Kh7 27. Bf8 Rc8 28. Bd6 Rc6 29. Bb8 Ne3 30. Bf4 Nxc2 31. Kb1 0-1